[Event "Titled Tuesday Blitz July 18 Late 2023"]
[White "Belov, Alexei"]
[Black "Mujumdar, Sameer"]
[WhiteFideId "4128206"]
[BlackFideId "2029707"]
[WhiteElo "2588"]
[BlackElo "2458"]
[Result "0-1"]
[Round "5"]
[TimeControl "180+2"]
[Date "2023.07.18"]
[WhiteClock "0:00:08"]
[BlackClock "0:00:30"]
[Board "79"]

1. e4 c5 2. Nf3 d6 3. d4 cxd4 4. Nxd4 Nf6 5. Nc3 a6 6. Be2 e5 7. Nb3 Be6 8. f4 Qc7 9. O-O Be7 10. f5 Bc4 11. Kh1 O-O 12. g4 b5 13. g5 Nfd7 14. Bxc4 Qxc4 15. Qf3 Bd8 16. Be3 Bb6 17. Bxb6 Nxb6 18. f6 g6 19. a3 Nc6 20. Rad1 Rad8 21. Nd2 Qe6 22. Nb3 Nc4 23. Nd5 Nxb2 24. Ra1 Nc4 25. Qg3 h5 26. gxh6 Kh7 27. a4 b4 28. a5 Na3 29. c3 Rb8 30. cxb4 Nc2 31. Rac1 N2xb4 32. Rfd1 Rfc8 33. Nb6 Rc7 34. Rc3 Rcb7 35. Rdc1 Nxa5 36. Nxa5 Rxb6 37. Rc7 Na2 38. R1c2 Qxf6 39. Rf2 Rb1+ 40. Kg2 R1b2 41. Nc4 Rxf2+ 42. Qxf2 Qxf2+ 43. Kxf2 Kxh6 44. Nxd6 f6 45. Rc6 Nb4 46. Rc7 Rb6 47. Nf7+ Kh5 48. Kf3 Nc6 49. Nd6 Nd4+ 50. Ke3 Rxd6 0-1


[Site "https://www.chess.com"]

[Event "Titled Tuesday Blitz July 18 Late 2023"]
[White "Gaal, Zsoka"]
[Black "brm72"]
[WhiteFideId "777765"]
[WhiteElo "2457"]
[BlackElo "2582"]
[Result "1-0"]
[Round "5"]
[TimeControl "180+2"]
[Date "2023.07.18"]
[WhiteClock "0:00:04"]
[BlackClock "0:00:05"]
[Board "80"]

1. Nf3 c5 2. b3 Nc6 3. Bb2 Nf6 4. g3 d6 5. Bg2 e5 6. O-O g6 7. e3 Bg7 8. d4 exd4 9. exd4 O-O 10. d5 Ne7 11. c4 a5 12. Nc3 Bf5 13. Re1 Ne4 14. Qc1 Nxc3 15. Bxc3 a4 16. Bxg7 Kxg7 17. Qc3+ Kg8 18. Ng5 Nc8 19. h4 h6 20. Ne4 Bxe4 21. Bxe4 Nb6 22. h5 g5 23. Bc2 Nd7 24. Qd3 Nf6 25. bxa4 Qd7 26. Rab1 Rfe8 27. Kg2 Kg7 28. Re6 Rxe6 29. dxe6 Qxe6 30. Rxb7 Kg8 31. Qf3 Re8 32. a5 g4 33. Qf4 Nxh5 34. Qd2 Qxc4 35. Kh2 Re2 36. Bb3 Rxd2 37. Bxc4 d5 38. Bb5 Rxa2 39. a6 Rxf2+ 40. Kg1 Ra2 41. a7 Nxg3 42. Rb8+ Kg7 43. a8=Q Rxa8 44. Rxa8 Ne4 45. Rd8 d4 46. Rd5 Kf6 47. Bd3 Nf2 48. Bc4 Ne4 49. Kg2 Ng3 50. Kxg3 Kg6 51. Rxc5 f5 52. Rd5 Kg5 53. Rxd4 h5 54. Rd8 h4+ 55. Kg2 Kf4 56. Rd4+ Ke3 57. Rd5 f4 58. Re5+ Kd4 59. Rg5 g3 60. Rg4 Ke3 61. Bd5 h3+ 62. Kxh3 Kf2 63. Rxf4+ 1-0


[Site "https://www.chess.com"]

[Event "Titled Tuesday Blitz July 18 Late 2023"]
[White "Fonseca Manrique, Enrique"]
[Black "Castella Garcia, Fausto"]
[WhiteFideId "5114330"]
[BlackFideId "3501922"]
[WhiteElo "2576"]
[BlackElo "2439"]
[Result "1-0"]
[Round "5"]
[TimeControl "180+2"]
[Date "2023.07.18"]
[WhiteClock "0:02:00"]
[BlackClock "0:00:57"]
[Board "81"]

1. e4 c5 2. Nc3 Nc6 3. f4 g6 4. Nf3 Bg7 5. Bb5 Nd4 6. Ba4 a6 7. d3 b5 8. Bb3 d6 9. O-O Nf6 10. Nxd4 cxd4 11. Ne2 Ng4 12. f5 e6 13. h3 Ne3 14. Bxe3 dxe3 15. fxe6 Bxe6 16. Bxe6 fxe6 17. c3 d5 18. Qb3 Qd6 19. a4 O-O-O 20. axb5 1-0


[Site "https://www.chess.com"]

[Event "Titled Tuesday Blitz July 18 Late 2023"]
[White "NLLO777"]
[Black "Grebeniuk, Semen"]
[BlackFideId "14117509"]
[WhiteElo "2436"]
[BlackElo "2574"]
[Result "1-0"]
[Round "5"]
[TimeControl "180+2"]
[Date "2023.07.18"]
[WhiteClock "0:01:41"]
[BlackClock "0:00:23"]
[Board "82"]

1. Nf3 Nf6 2. e3 g6 3. b3 Bg7 4. Bb2 O-O 5. Be2 c5 6. O-O b6 7. c4 Bb7 8. d4 cxd4 9. Nxd4 d6 10. Nc3 Nc6 11. Bf3 Rc8 12. Rc1 Qc7 13. Nd5 Qd7 14. Nxc6 Bxc6 15. Nxf6+ Bxf6 16. Bxf6 exf6 17. Bxc6 Rxc6 18. Rc3 Qe6 19. Rd3 a5 20. Qf3 Rfc8 21. Rfd1 a4 22. h3 Kg7 23. Rd5 Ra8 24. Qf4 axb3 25. axb3 Rd8 26. Qd4 h5 27. h4 Kf8 28. Ra1 Rd7 29. Ra6 Rb7 30. Rb5 Qg4 31. Qxf6 Rb8 32. Ra7 Qe6 33. Qh8# 1-0


[Site "https://www.chess.com"]

[Event "Titled Tuesday Blitz July 18 Late 2023"]
[White "Ambartsumova, Karina"]
[Black "Disconzi da Silva, Rodrigo"]
[WhiteFideId "4166299"]
[BlackFideId "2100991"]
[WhiteElo "2574"]
[BlackElo "2434"]
[Result "0-1"]
[Round "5"]
[TimeControl "180+2"]
[Date "2023.07.18"]
[WhiteClock "0:00:00"]
[BlackClock "0:00:07"]
[Board "83"]

1. Nf3 d5 2. e3 Bg4 3. c4 e6 4. Qb3 Nd7 5. d4 Bxf3 6. gxf3 Ngf6 7. Nc3 dxc4 8. Bxc4 Nb6 9. Be2 Be7 10. Bd2 a5 11. Rc1 a4 12. Qc2 O-O 13. Ne4 c6 14. Bd3 a3 15. b3 Nbd5 16. Nxf6+ Nxf6 17. O-O Qd5 18. Be2 Qh5 19. Qd1 Bd6 20. f4 Qh3 21. Kh1 g6 22. Bf3 Rfd8 23. Rg1 Qh6 24. Qe2 Qf8 25. Bc3 Bb4 26. Ba1 Ra5 27. e4 Qe7 28. Qe3 Kf8 29. f5 exf5 30. Qh6+ Ke8 31. exf5 Kd7 32. d5 Nxd5 33. Rgd1 gxf5 34. Qh5 Qe6 35. Qh4 Be7 36. Qh3 Kc8 37. Re1 Qd7 38. Rcd1 Bb4 39. Rg1 Kb8 40. Qxh7 Ka8 41. Qg7 Qe6 42. Qe5 Qxe5 43. Bxe5 Re8 44. Bg7 Nc3 45. Rd3 Nxa2 46. Rgd1 Ka7 47. Rd8 Rxd8 48. Rxd8 Nc3 49. Bd4+ c5 50. Be5 a2 51. Bb8+ Kb6 52. Rd6+ Kb5 53. Bxb7 a1=Q+ 54. Kg2 Ra8 55. Bc6+ Ka5 56. Bc7+ Ka6 57. Bxa8+ Ka7 58. Bf3 Nb5 59. Ra6+ Qxa6 0-1


[Site "https://www.chess.com"]

[Event "Titled Tuesday Blitz July 18 Late 2023"]
[White "Vlassov, Nikolai"]
[Black "Kovacsy, Barnabas"]
[WhiteFideId "4103360"]
[BlackFideId "769290"]
[WhiteElo "2572"]
[BlackElo "2434"]
[Result "1-0"]
[Round "5"]
[TimeControl "180+2"]
[Date "2023.07.18"]
[WhiteClock "0:01:22"]
[BlackClock "0:02:01"]
[Board "84"]

1. e4 c5 2. c3 d5 3. exd5 Qxd5 4. d4 Nf6 5. Nf3 e6 6. a3 g6 7. Be3 cxd4 8. Qxd4 Nc6 9. Qxf6 Rg8 10. Nbd2 Bg7 11. Qh4 Bd7 12. Bc4 Qa5 13. O-O h5 14. Ne4 Ne5 15. Nxe5 Bxe5 16. Nf6+ Bxf6 17. Qxf6 h4 18. Bg5 Qc5 19. b4 1-0


[Site "https://www.chess.com"]

[Event "Titled Tuesday Blitz July 18 Late 2023"]
[White "robertoalejandro10"]
[Black "Rios Escobar, Adan"]
[BlackFideId "3403645"]
[WhiteElo "2567"]
[BlackElo "2431"]
[Result "1-0"]
[Round "5"]
[TimeControl "180+2"]
[Date "2023.07.18"]
[WhiteClock "0:00:21"]
[BlackClock "0:00:02"]
[Board "85"]

1. Nf3 Nf6 2. b3 d6 3. Bb2 e5 4. c4 c5 5. g3 Nc6 6. Bg2 g6 7. O-O Bg7 8. Nc3 O-O 9. e3 h6 10. d4 cxd4 11. exd4 e4 12. Ne1 Bg4 13. Qd2 Re8 14. Nc2 Bf3 15. Rfe1 Bxg2 16. Kxg2 d5 17. Rad1 Ne7 18. Ne3 Rc8 19. Re2 Qd7 20. Rde1 h5 21. h4 Bh6 22. Qd1 Bxe3 23. Rxe3 Nf5 24. R3e2 dxc4 25. bxc4 Qxd4 26. Nxe4 Qxb2 27. Rxb2 Rxe4 28. Rxe4 Nxe4 29. Qd7 Rxc4 30. Qxb7 Nfd6 31. Qxa7 Rc1 32. a4 Ra1 33. a5 Nc4 34. Qa8+ Kh7 35. Qxe4 Nxb2 36. Qe5 Ra2 37. Qd5 Ra3 38. Qxf7+ Kh6 39. Qf8+ Kh7 40. Qxa3 Nc4 41. Qe7+ Kh6 42. a6 g5 43. Qe6+ Kh7 44. Qxc4 g4 45. Qe6 Kg7 46. a7 Kh7 47. a8=Q Kg7 48. Qb7+ Kh8 49. Qec8# 1-0


[Site "https://www.chess.com"]

[Event "Titled Tuesday Blitz July 18 Late 2023"]
[White "Arnold, Ken"]
[Black "Kretchetov, Alexandre"]
[WhiteFideId "2056836"]
[BlackFideId "4124588"]
[WhiteElo "2427"]
[BlackElo "2566"]
[Result "0-1"]
[Round "5"]
[TimeControl "180+2"]
[Date "2023.07.18"]
[WhiteClock "0:00:02"]
[BlackClock "0:00:39"]
[Board "86"]

1. d4 Nf6 2. c4 c5 3. Nf3 cxd4 4. Nxd4 e6 5. Nc2 a6 6. g3 Qc7 7. Nd2 b5 8. Bg2 Bb7 9. Bxb7 Qxb7 10. O-O Be7 11. cxb5 axb5 12. e3 O-O 13. Qf3 d5 14. Nd4 Nbd7 15. N2b3 Ne5 16. Qe2 Nc4 17. Nd2 Rfc8 18. b3 Nd6 19. N2f3 Nfe4 20. Bb2 b4 21. Ne5 Bf6 22. Ndf3 Nc3 23. Bxc3 bxc3 24. Rac1 Ne4 25. Rc2 Be7 26. Nd4 f6 27. Nd3 e5 28. Nf5 Ba3 29. b4 Qd7 30. f3 Nd2 31. g4 Nxf1 32. Qxf1 e4 33. Nc5 Rxc5 34. bxc5 Bb2 35. fxe4 dxe4 36. Qc4+ Qf7 37. Ne7+ Kf8 38. Nd5 Rd8 39. Nb6 Rd1+ 40. Kf2 Qc7 41. Ke2 Rd2+ 42. Rxd2 Qxh2+ 43. Kf1 cxd2 44. Nd7+ Ke7 45. Qxe4+ Kxd7 46. Qd5+ Ke7 47. Qd6+ Qxd6 48. cxd6+ Kxd6 49. Ke2 Bc3 0-1


[Site "https://www.chess.com"]

[Event "Titled Tuesday Blitz July 18 Late 2023"]
[White "Gascon Del Nogal, Jose Rafael"]
[Black "Herman, Daniel"]
[WhiteFideId "3902463"]
[BlackFideId "30935008"]
[WhiteElo "2557"]
[BlackElo "2426"]
[Result "1-0"]
[Round "5"]
[TimeControl "180+2"]
[Date "2023.07.18"]
[WhiteClock "0:00:08"]
[BlackClock "0:00:00"]
[Board "87"]

1. d4 Nf6 2. Nf3 b6 3. g3 Bb7 4. Bg2 e6 5. O-O Be7 6. c4 O-O 7. d5 exd5 8. Nh4 Na6 9. Nf5 Nc5 10. cxd5 Nfe4 11. Bxe4 Nxe4 12. Qd4 Nf6 13. Bg5 Bc5 14. Qd1 h6 15. Bh4 g5 16. Nxh6+ Kg7 17. Bxg5 Qe8 18. Nf5+ Kg6 19. Bxf6 Kxf6 20. Ne3 Kg6 21. Nc3 Bxe3 22. fxe3 Qxe3+ 23. Rf2 Rae8 24. Qa4 f5 25. Qf4 Qxf4 26. Rxf4 Re3 27. Raf1 d6 28. Kf2 Re5 29. e4 Rfe8 30. Rxf5 Rxf5+ 31. exf5+ Kxf5 32. Re1 Rf8 33. Re7 Kg4+ 34. Kg2 Ba6 35. Rg7+ Kh5 36. Ne4 Bf1+ 37. Kg1 Bh3 38. Rh7+ Kg4 39. Nf2+ Kf3 40. Rxh3 Ke2 41. Rh7 1-0


[Site "https://www.chess.com"]

[Event "Titled Tuesday Blitz July 18 Late 2023"]
[White "Altman, Joshua"]
[Black "Stachanczyk, Jacek"]
[WhiteFideId "426210"]
[BlackFideId "1116657"]
[WhiteElo "2552"]
[BlackElo "2424"]
[Result "1-0"]
[Round "5"]
[TimeControl "180+2"]
[Date "2023.07.18"]
[WhiteClock "0:02:02"]
[BlackClock "0:00:30"]
[Board "88"]

1. e4 c5 2. Nf3 d6 3. Bb5+ Bd7 4. Bxd7+ Qxd7 5. O-O Nf6 6. Re1 e6 7. c3 Be7 8. d4 cxd4 9. cxd4 d5 10. e5 Ne4 11. Nc3 Nxc3 12. bxc3 Qc6 13. Re3 Nd7 14. Ne1 O-O 15. Rg3 f5 16. exf6 Rxf6 17. Bg5 Rf7 18. Nf3 Bd6 19. Rh3 Raf8 20. Qd3 g6 21. Bh6 Rc8 22. Ng5 Re7 23. Nxh7 1-0


[Site "https://www.chess.com"]

[Event "Titled Tuesday Blitz July 18 Late 2023"]
[White "Uzcategui Rodriguez, Alejandro"]
[Black "Pham, Le Thao Nguyen"]
[WhiteFideId "3903400"]
[BlackFideId "12401226"]
[WhiteElo "2421"]
[BlackElo "2550"]
[Result "0-1"]
[Round "5"]
[TimeControl "180+2"]
[Date "2023.07.18"]
[WhiteClock "0:00:12"]
[BlackClock "0:00:43"]
[Board "89"]

1. d4 d5 2. Nf3 c6 3. c3 Bf5 4. Qb3 Qb6 5. h3 e6 6. Bf4 Nd7 7. Nbd2 h6 8. e3 Ngf6 9. Be2 Be7 10. O-O O-O 11. c4 c5 12. Rac1 Rfc8 13. cxd5 Nxd5 14. Bh2 Qxb3 15. Nxb3 Nb4 16. Bb5 Nf6 17. Nxc5 Nxa2 18. Ra1 Bxc5 19. Rxa2 Be7 20. Rfa1 a6 21. Ne5 Rc2 22. Bf1 Rac8 23. g4 Be4 24. Nd3 Nd5 25. Ne1 Rc1 26. Bg2 f5 27. Bxe4 fxe4 28. Kg2 Bb4 29. Kf1 Bxe1 0-1


[Site "https://www.chess.com"]

[Event "Titled Tuesday Blitz July 18 Late 2023"]
[White "Gatterer, Florian"]
[Black "Przybylski, Wojciech"]
[WhiteFideId "811688"]
[BlackFideId "1117599"]
[WhiteElo "2419"]
[BlackElo "2548"]
[Result "0-1"]
[Round "5"]
[TimeControl "180+2"]
[Date "2023.07.18"]
[WhiteClock "0:00:00"]
[BlackClock "0:00:09"]
[Board "90"]

1. Nf3 Nf6 2. g3 d5 3. Bg2 Bg4 4. O-O Nbd7 5. d4 e6 6. h3 Bxf3 7. Bxf3 Bd6 8. c4 c6 9. cxd5 cxd5 10. Nc3 a6 11. Bg5 O-O 12. e4 dxe4 13. Nxe4 Be7 14. Nxf6+ Bxf6 15. Bxf6 Nxf6 16. Bxb7 Ra7 17. Bf3 Rd7 18. Qe2 a5 19. Rfd1 Rxd4 20. Rxd4 Qxd4 21. Rd1 Qb6 22. b3 h6 23. Kg2 Rc8 24. Qd2 e5 25. Qd6 Qxd6 26. Rxd6 e4 27. Bd1 Rc1 28. a4 Kf8 29. g4 Ke7 30. Rd4 Rc3 31. h4 g5 32. hxg5 hxg5 33. Kf1 Ke6 34. Ke1 Ke5 35. Rd8 Nd5 36. Kd2 Rd3+ 37. Ke1 Nb4 38. Ra8 Rd5 39. Be2 Kf4 40. Bc4 Re5 41. Rf8 Kxg4 42. Rxf7 Kh5 43. Ke2 Kg6 44. Rc7 Nc2 45. Bf7+ Kf6 46. Bc4 Nd4+ 47. Ke3 Nf5+ 48. Ke2 Nd6 49. Rc6 Ke7 50. Rc7+ Kd8 51. Rc6 Kd7 52. Ra6 g4 53. Ke3 Rf5 54. Bb5+ Ke7 55. Bc4 Rf3+ 56. Kd4 Rxf2 57. Ra7+ Kf6 58. Kc5 Nf5 59. Rf7+ Ke5 60. Ra7 g3 61. Rxa5 g2 62. Kb4+ Kf4 63. Ra8 g1=Q 64. Rf8 Qe1+ 65. Kb5 Ke3 66. a5 Nd4+ 67. Kb6 Qb4+ 68. Kc7 Rxf8 0-1


[Site "https://www.chess.com"]

[Event "Titled Tuesday Blitz July 18 Late 2023"]
[White "Mazurkiewicz, Michal"]
[Black "Risteski, Emil"]
[WhiteFideId "1124943"]
[BlackFideId "15005267"]
[WhiteElo "2415"]
[BlackElo "2544"]
[Result "1-0"]
[Round "5"]
[TimeControl "180+2"]
[Date "2023.07.18"]
[WhiteClock "0:01:55"]
[BlackClock "0:02:27"]
[Board "91"]

1. e4 d6 2. d4 Nf6 3. Nc3 e5 4. dxe5 dxe5 5. Qxd8+ Kxd8 6. Bc4 Ke8 7. f3 c6 8. Nh3 Bc5 9. Nf2 b5 10. Bb3 a5 11. Nd3 Bd6 12. a4 b4 13. Nd1 Ba6 14. Ne3 Nbd7 15. Nc4 Bxc4 16. Bxc4 Nc5 17. Be3 Nfd7 18. b3 Ke7 19. O-O-O Rhd8 20. Rd2 Nxd3+ 21. Rxd3 Bc5 22. Rxd7+ Kxd7 23. Bxc5 f6 24. Bb6 Rdc8 25. Rd1+ Ke7 26. Bc5+ Ke8 27. Rd6 Rd8 28. Re6+ Kd7 29. Re7+ Kc8 1-0


[Site "https://www.chess.com"]

[Event "Titled Tuesday Blitz July 18 Late 2023"]
[White "Tikhonov, Viacheslav"]
[Black "Zenin, Dmitry"]
[WhiteFideId "44196407"]
[BlackFideId "4127897"]
[WhiteElo "2544"]
[BlackElo "2414"]
[Result "1/2-1/2"]
[Round "5"]
[TimeControl "180+2"]
[Date "2023.07.18"]
[WhiteClock "0:01:14"]
[BlackClock "0:00:22"]
[Board "92"]

1. d4 Nf6 2. c4 g6 3. Nc3 Bg7 4. e4 d6 5. Be2 O-O 6. h4 e5 7. d5 a5 8. h5 Na6 9. h6 Bh8 10. Bg5 Nc5 11. Rh4 Qe8 12. Nf3 Nh5 13. g3 f6 14. Be3 f5 15. Ng5 f4 16. Bxc5 dxc5 17. Rxh5 gxh5 18. Bxh5 Qe7 19. d6 Qxd6 20. Qxd6 cxd6 21. Nd5 Bf6 22. gxf4 exf4 23. Nf3 Bxb2 24. Rb1 Be5 25. Ne7+ Kh8 26. Ng5 Bf6 27. Nxc8 Bxg5 28. Nxd6 Bxh6 29. Rxb7 Bg7 30. Rc7 Rad8 31. Nf7+ Rxf7 32. Bxf7 f3 33. Bd5 Bc3+ 34. Kd1 Rb8 35. Kc2 Bd4 36. Rb7 Rxb7 37. Bxb7 Bxf2 38. e5 Bd4 39. e6 Kg7 40. Bxf3 Kf6 41. Bg4 h5 42. Bxh5 Kxe6 43. Bf3 Kd6 44. Bd5 Kc7 45. Kb3 Kb6 46. Ka4 Bc3 47. Be4 Bd4 48. Bd3 Be5 49. Kb3 Bd4 50. Be4 Be5 51. Kc2 Bd4 52. Bd5 Be5 53. Bf7 Bd4 54. Be8 Be5 55. Kd3 Bd4 56. Ke4 Bc3 57. Kd3 Bb2 58. Bd7 Ba1 59. Kc2 Bd4 60. Kb3 Be5 61. Ka4 Bd4 62. Kb3 Be5 63. Ka3 Bd4 64. Bf5 Be5 65. Bc2 Bd4 66. Ba4 Be5 67. Bb5 Bd4 68. Ka4 Be5 69. Kb3 Bd4 70. a4 Be5 71. Kc2 Bd4 72. Kd3 Be5 73. Ke4 Ba1 74. Be8 Bb2 75. Kd5 Ba1 76. Bg6 Bb2 77. Bb1 Ba1 78. Kd6 Bb2 79. Kd7 Ba1 80. Be4 Bb2 81. Bd5 Ba1 82. Kd6 Bb2 83. Ke6 Ba1 84. Ke7 Bb2 85. Kd7 Ba1 86. Ke6 Bb2 87. Kf5 Ba1 88. Ke4 Bb2 89. Kd3 Ba1 90. Kc2 Bh8 91. Kd3 Bg7 92. Ke4 Bh8 93. Kf5 Ba1 94. Ke6 Bb2 95. Kd7 1/2-1/2


[Site "https://www.chess.com"]

[Event "Titled Tuesday Blitz July 18 Late 2023"]
[White "Yordanov, Nikolay Plamenov"]
[Black "Rangel, Daniel"]
[WhiteFideId "2907445"]
[BlackFideId "2124475"]
[WhiteElo "2413"]
[BlackElo "2531"]
[Result "0-1"]
[Round "5"]
[TimeControl "180+2"]
[Date "2023.07.18"]
[WhiteClock "0:00:08"]
[BlackClock "0:00:16"]
[Board "93"]

1. d4 Nf6 2. Bf4 g6 3. e3 Bg7 4. h3 O-O 5. Nf3 b6 6. Be2 Bb7 7. O-O c5 8. c3 Nc6 9. Nbd2 d5 10. Ne5 Nd7 11. Nxc6 Bxc6 12. a4 e5 13. dxe5 Nxe5 14. Nf3 Nc4 15. Qc1 h6 16. Rd1 Qe7 17. Bxc4 dxc4 18. Bd6 Qe6 19. Bxf8 Rxf8 20. Ne1 Be5 21. Qd2 Bc7 22. a5 b5 23. Qe2 Qe5 24. f4 Qe4 25. Qf3 Qe6 26. Qe2 Bxf4 27. Nc2 Re8 28. Re1 Bc7 29. Qf2 Be4 30. Rad1 h5 31. Rd2 Qe5 32. Qf4 Qe7 33. Qf2 Qg5 34. Rd7 Re7 35. Red1 Bg3 36. Qe2 Bd3 37. R1xd3 cxd3 38. Qxd3 Rxd7 39. Qxd7 a6 40. Qc8+ Kg7 41. Qxa6 Qf5 42. Qxb5 Qxc2 43. Qf1 Qxb2 44. a6 Qxc3 45. a7 Qxe3+ 46. Kh1 Qa3 47. Qb1 Qxa7 48. h4 Be5 49. Qe1 Qa1 50. Qxa1 Bxa1 51. g3 c4 52. Kg2 c3 53. g4 c2 54. gxh5 c1=Q 55. hxg6 Qe3 56. h5 fxg6 57. hxg6 Kxg6 58. Kf1 Qd2 59. Kg1 Qe2 60. Kh1 Be5 61. Kg1 Bd6 62. Kh1 Qh2# 0-1


[Site "https://www.chess.com"]

[Event "Titled Tuesday Blitz July 18 Late 2023"]
[White "Zhang, Derek"]
[Black "cedchass2006"]
[WhiteFideId "2087871"]
[WhiteElo "2529"]
[BlackElo "2407"]
[Result "1-0"]
[Round "5"]
[TimeControl "180+2"]
[Date "2023.07.18"]
[WhiteClock "0:01:01"]
[BlackClock "0:00:00"]
[Board "94"]

1. Nf3 d5 2. c4 e6 3. e3 Nf6 4. Nc3 b6 5. b3 Bb7 6. Bb2 Nbd7 7. d4 c5 8. cxd5 exd5 9. Bd3 Be7 10. O-O O-O 11. Ne5 Nxe5 12. dxe5 Ne4 13. Bxe4 dxe4 14. Qc2 Qd3 15. Rac1 Qxc2 16. Rxc2 Rfd8 17. Rfc1 Rd3 18. Kf1 Rad8 19. Ke1 Bf8 20. Ne2 Ba6 21. Nf4 c4 22. Nxd3 exd3 23. Rd2 b5 24. Kd1 g6 25. bxc4 bxc4 26. Bc3 Bb7 27. f3 Bh6 28. Bd4 Ba6 29. Bxa7 Rc8 30. Bd4 Bb5 31. Rb2 Ba4+ 32. Kd2 1-0


[Site "https://www.chess.com"]

[Event "Titled Tuesday Blitz July 18 Late 2023"]
[White "whiteglovethief"]
[Black "Salazar Farias, Luis German"]
[BlackFideId "3902170"]
[WhiteElo "2401"]
[BlackElo "2529"]
[Result "1-0"]
[Round "5"]
[TimeControl "180+2"]
[Date "2023.07.18"]
[WhiteClock "0:01:40"]
[BlackClock "0:00:00"]
[Board "95"]

1. d4 Nf6 2. c4 e6 3. Nf3 d5 4. g3 Bb4+ 5. Bd2 Be7 6. Bg2 O-O 7. O-O c6 8. b3 b6 9. Bc3 Bb7 10. Nbd2 Nbd7 11. Qc2 c5 12. e4 Nxe4 13. Nxe4 dxe4 14. Ne5 cxd4 15. Bxd4 Nc5 16. Rad1 Qc7 17. Bxc5 Bxc5 18. Nd7 e3 19. Nxf8 exf2+ 20. Kh1 Rxf8 21. b4 Bxg2+ 22. Kxg2 Qc6+ 23. Kh3 Bxb4 24. Qxf2 Bc5 25. Qf3 Qxf3 26. Rxf3 f5 27. Rd7 Rf7 28. Rd8+ Rf8 29. Rd7 Rf7 30. Rfd3 Rxd7 31. Rxd7 a5 32. Kh4 g6 33. Kg5 e5 34. Kf6 e4 35. Rd8+ Bf8 36. Rb8 e3 37. Re8 a4 38. Rxe3 Bg7+ 39. Ke6 Bd4 40. Ra3 Kg7 41. Rxa4 Kh6 42. Rb4 Bg1 43. Rb2 Kg5 44. h3 h5 45. Kf7 Bc5 46. a4 h4 47. gxh4+ Kh5 48. Rg2 f4 49. Rxg6 f3 50. Rf6 f2 51. Rf4 Be3 52. Rf3 Kxh4 53. Ke6 Bc5 54. Kd5 Be3 55. Kc6 Kg5 56. Kb5 Kh4 57. a5 bxa5 58. Kxa5 Kg5 59. Kb5 1-0


[Site "https://www.chess.com"]

[Event "Titled Tuesday Blitz July 18 Late 2023"]
[White "MFatigue"]
[Black "Romero Ruscalleda, Josep"]
[BlackFideId "2231859"]
[WhiteElo "2528"]
[BlackElo "2378"]
[Result "1-0"]
[Round "5"]
[TimeControl "180+2"]
[Date "2023.07.18"]
[WhiteClock "0:00:09"]
[BlackClock "0:00:00"]
[Board "96"]

1. e4 g6 2. Nc3 Bg7 3. g3 d6 4. Bg2 c5 5. d3 Nc6 6. f4 Nf6 7. Nf3 O-O 8. O-O Bd7 9. h3 Qc8 10. Kh2 Re8 11. Ne2 e5 12. g4 exf4 13. Bxf4 Ne5 14. Ng3 Bc6 15. Qd2 Nfd7 16. Bh6 Nxf3+ 17. Rxf3 Ne5 18. Rf2 Bxh6 19. Qxh6 Qxg4 20. Raf1 Qd7 21. c3 Re7 22. d4 cxd4 23. cxd4 Nd3 24. Rf6 Rf8 25. Nh5 gxh5 26. R1f5 Ne5 27. dxe5 Rxe5 28. Rxd6 Qe7 29. Rdf6 Rxf5 30. Rxf5 Kh8 31. Rxh5 f6 32. Qf4 Rg8 33. Rh6 Rg6 34. Rxg6 hxg6 35. Qh6+ Kg8 36. Qxg6+ Kf8 37. Qf5 Bd7 38. Qf4 Kf7 39. a3 Qc5 40. h4 Qh5 41. Bf3 Qh7 42. h5 Ke7 43. Qc7 Qh6 44. Qc5+ Ke8 45. Kg3 Qg7+ 46. Kf2 Qh6 47. Qd6 Qg5 48. Qb8+ Ke7 49. Qxb7 Qd2+ 50. Kg3 Qg5+ 51. Kf2 Qd2+ 52. Kf1 Qd3+ 53. Be2 Qb1+ 54. Kf2 Qc1 55. Qb4+ Ke8 56. Qd4 1-0


[Site "https://www.chess.com"]

[Event "Titled Tuesday Blitz July 18 Late 2023"]
[White "Shubenkova, Veronika"]
[Black "Gerbelli Neto, Eduardo"]
[WhiteFideId "44124040"]
[BlackFideId "2103281"]
[WhiteElo "2525"]
[BlackElo "2378"]
[Result "0-1"]
[Round "5"]
[TimeControl "180+2"]
[Date "2023.07.18"]
[WhiteClock "0:00:03"]
[BlackClock "0:00:19"]
[Board "97"]

1. e4 e5 2. Nf3 Nc6 3. Bb5 a6 4. Bxc6 dxc6 5. O-O Bg4 6. h3 h5 7. d3 Qf6 8. Be3 Bxf3 9. Qxf3 Qxf3 10. gxf3 Bd6 11. Nd2 Ne7 12. Nc4 f5 13. Nxd6+ cxd6 14. f4 exf4 15. Bxf4 O-O-O 16. Rae1 Kd7 17. Bg5 Rde8 18. f4 g6 19. h4 c5 20. Kg2 Nc6 21. Bf6 Rhf8 22. Bc3 b5 23. a3 a5 24. b3 b4 25. axb4 axb4 26. Bb2 Ra8 27. Ra1 Rxa1 28. Bxa1 Ra8 29. Kf3 Ra2 30. Rg1 Ne7 31. Bf6 Rxc2 32. Bxe7 Kxe7 33. Rxg6 fxe4+ 34. Kxe4 Rh2 35. Kf5 Rxh4 36. Rg7+ Ke8 37. Rh7 Rh3 38. Ke6 Kf8 39. f5 Rxd3 40. Kf6 Kg8 41. Rxh5 Rxb3 42. Rg5+ Kf8 43. Rh5 Kg8 44. Rg5+ Kf8 45. Kg6 Rf3 46. Rg1 b3 47. Ra1 b2 48. Ra8+ Ke7 49. Ra7+ Kd8 50. Rb7 Rg3+ 51. Kf7 Rg2 52. f6 c4 53. Ke6 c3 54. Kxd6 Rd2+ 55. Ke6 Rf2 56. Rb3 c2 57. Kd6 Rd2+ 58. Kc6 c1=Q+ 59. Kb6 b1=Q 60. Ka6 Qxb3 61. f7 Qa1# 0-1


[Site "https://www.chess.com"]

[Event "Titled Tuesday Blitz July 18 Late 2023"]
[White "Santos Flores, Alberto"]
[Black "Storn, Justin"]
[WhiteFideId "3601234"]
[BlackFideId "30922720"]
[WhiteElo "2525"]
[BlackElo "2369"]
[Result "1-0"]
[Round "5"]
[TimeControl "180+2"]
[Date "2023.07.18"]
[WhiteClock "0:01:26"]
[BlackClock "0:00:00"]
[Board "98"]

1. e4 e6 2. d4 d5 3. Nc3 Nf6 4. e5 Nfd7 5. Nce2 c5 6. c3 Nc6 7. Nf3 cxd4 8. cxd4 Qb6 9. a3 a5 10. Nf4 Be7 11. h4 a4 12. Rh3 Qc7 13. Bd3 Nb6 14. Be3 Bd7 15. Ng5 h6 16. Nxf7 Kxf7 17. Qh5+ Kg8 18. Rg3 Qd8 19. Rxg7+ Kxg7 20. Qg6+ Kf8 21. Nh5 Bf6 22. exf6 Rg8 23. Bxh6+ 1-0


[Site "https://www.chess.com"]

[Event "Titled Tuesday Blitz July 18 Late 2023"]
[White "ExchangeAB"]
[Black "Estrada Nieto, Julian"]
[BlackFideId "5101018"]
[WhiteElo "2368"]
[BlackElo "2524"]
[Result "0-1"]
[Round "5"]
[TimeControl "180+2"]
[Date "2023.07.18"]
[WhiteClock "0:00:15"]
[BlackClock "0:00:21"]
[Board "99"]

1. d4 d5 2. Nc3 Nf6 3. Bf4 c6 4. e3 Bf5 5. f3 e6 6. g4 Bg6 7. h4 h5 8. g5 Nfd7 9. Bd3 Bxd3 10. Qxd3 g6 11. O-O-O Bg7 12. e4 O-O 13. Nge2 Nb6 14. Be5 Bxe5 15. dxe5 Nc4 16. f4 Qb6 17. b3 Qe3+ 18. Qxe3 Nxe3 19. Rd3 Ng4 20. Rf1 Nd7 21. exd5 cxd5 22. Nb5 Nc5 23. Rc3 Ne4 24. Rc7 Rfc8 25. Ned4 a6 26. Rxc8+ Rxc8 27. Na3 b5 28. Nb1 Ne3 29. Rf3 Ng2 30. Re3 Nxf4 31. Nd2 Ng2 32. Rh3 Nf4 33. Rf3 Ng2 34. Rh3 b4 35. Nxe4 dxe4 36. Rg3 Nf4 37. Re3 Ng2 38. Rxe4 Rc3 39. Kb2 Rh3 40. Nc6 Rxh4 41. Rxh4 Nxh4 42. Nxb4 Nf3 43. Nd3 Nxg5 44. c4 h4 45. Nf4 Kf8 46. b4 Ke7 47. Kc3 h3 48. Ne2 Ne4+ 49. Kd4 h2 50. Kxe4 h1=Q+ 0-1


[Site "https://www.chess.com"]

[Event "Titled Tuesday Blitz July 18 Late 2023"]
[White "Prieto Aranguren, Alain"]
[Black "Martinez Reyes, Pedro Ramon"]
[WhiteFideId "2268906"]
[BlackFideId "3901807"]
[WhiteElo "2368"]
[BlackElo "2519"]
[Result "0-1"]
[Round "5"]
[TimeControl "180+2"]
[Date "2023.07.18"]
[WhiteClock "0:00:26"]
[BlackClock "0:00:46"]
[Board "100"]

1. e4 e5 2. Nf3 Nc6 3. Bb5 Nf6 4. d3 Bc5 5. O-O O-O 6. c3 d5 7. Bxc6 bxc6 8. Nxe5 dxe4 9. d4 Bb6 10. Nxc6 Qe8 11. Ne5 c5 12. Bg5 cxd4 13. Bxf6 gxf6 14. Ng4 Qe6 15. h3 f5 16. Nh2 Ba6 17. Re1 d3 18. Nd2 Kh8 19. Ndf1 Rg8 20. Qd2 Qg6 21. g3 h5 22. h4 Bb7 23. Qf4 Kh7 24. Ne3 Bc8 25. Nd5 Qxg3+ 26. Qxg3 Rxg3+ 27. Kh1 Rg6 28. Nxb6 axb6 29. f3 Bb7 30. Rg1 e3 31. Rxg6 fxg6 32. Kg1 d2 33. Nf1 f4 34. Rd1 Bxf3 0-1


[Site "https://www.chess.com"]